 Dungeon Crawl Stone Soup version 0.31-a0-185-g9dded2c639 (webtiles) character file.

Game seed: 13298949867324079466

95 qw the Shooter (level 4, -3/25 HPs)
             Began as a Deep Elf Hunter on June 22, 2023.
             Slain by Terence
             ... wielding a +1 hand axe of freezing
              (4 damage)
             ... on level 2 of the Dungeon.
             The game lasted 00:00:26 (1162 turns).

qw the Shooter (Deep Elf Hunter)                    Turns: 1162, Time: 00:00:26

Health: -3/25      AC:  3    Str: 10    XL:     4   Next: 39%
Magic:  6/6        EV: 12    Int: 14    God:
Gold:   168        SH:  0    Dex: 18    Spells: 3/3 levels left

rFire   . . .        Y - +0 shortbow
rCold   . . .        (shield currently unavailable)
rNeg    . . .        c - +0 leather armour
rPois   .            (no helmet)
rElec   .            (no cloak)
rCorr   .            (no gloves)
SInv    .            (no boots)
Will    .....        (no amulet)
Stlth   ++           (no ring)
HPRegen 0.24/turn    (no ring)
MPRegen 0.10/turn

%: no passive effects
@: no status effects
A: no striking features
a: no special abilities


You were on level 2 of the Dungeon.
You visited 1 branch of the dungeon, and saw 2 of its levels.

You collected 168 gold pieces.


   Skills:
 - Level 1.5 Fighting
 + Level 7.8 Ranged Weapons
 - Level 2.4 Dodging
 - Level 1.2 Stealth


You had 3 spell levels left.
You didn't know any spells.
Your spell library was empty.

Inventory:

Hand Weapons
 Y - a +0 shortbow (weapon)
Armour
 c - a +0 leather armour (worn)
Scrolls
 a - a scroll of fear {unknown}

Dungeon Overview and Level Annotations

Branches:
Dungeon (2/15)

Altars:

Annotations:
D:2 Terence


Message History

Enter note: You shoot an arrow.
The arrow hits the hobgoblin!
You kill the hobgoblin!
Terence the Incautious comes into view.
He is wielding a +1 hand axe of freezing.
Terence shouts!
Enter note:
Enter note:
Enter note:
Enter note:
Enter note:
Enter note: You shoot an arrow.
The arrow hits Terence.
Terence is lightly wounded.
Terence hits you with a +1 hand axe of freezing.
Terence freezes you.
You shoot an arrow. The arrow hits Terence!
Terence is heavily wounded.
Terence barely misses you.
You shoot an arrow. The arrow barely misses Terence.
Terence hits you with a +1 hand axe of freezing.
Terence freezes you.
You shoot an arrow. The arrow hits Terence.
Terence is severely wounded.
Terence hits you but does no damage.
You shoot an arrow. The arrow barely misses Terence.
Terence hits you with a +1 hand axe of freezing.
Terence freezes you.
You shoot an arrow.
The arrow hits Terence but does no damage.
Terence is severely wounded.
Terence hits you with a +1 hand axe of freezing!
Terence freezes you.
You shoot an arrow. The arrow hits Terence.
Terence is almost dead.
Terence hits you with a +1 hand axe of freezing.
Terence freezes you.
You shoot an arrow. The arrow hits Terence.
Terence is almost dead.
Terence hits you with a +1 hand axe of freezing.
You die...

..#.#.#.#.# #.........#
#.#.#.#.#.# .
#.........# ..
.##....#### ...
.........# .#..
.#.#.#.#.# ....
.........#########..#
.#.#.#.#........@@..#
.........##########.....
.#.#.#.#.# .##
.........# .#.#.#.#.#
.........# ###....###
#..#...## #..###..##


You could see Terence.

Vanquished Creatures
  Natasha (twice) (D:2)
  An adder (D:2)
  2 worms (D:2)
  A dart slug (D:1)
  4 ball pythons
  An endoplasm (D:2)
  A giant cockroach (D:1)
  3 goblins
  4 hobgoblins
  3 kobolds
  2 quokkas (D:1)
  4 bats
  2 frilled lizards
  A rat (D:1)
31 creatures vanquished.

Notes
Turn   | Place    | Note
-------+----------+-------------------------------------------
     0 | D:1      | qw the Deep Elf Hunter began the quest for the Orb.
     0 | D:1      | Reached XP level 1. HP: 12/12 MP: 3/3
     0 | D:1      | 0 ||| qw: Version: 0.3-a-9-g12657ce
     0 | D:1      | 0 ||| qw: Game counter: 1821
     0 | D:1      | 0 ||| qw: Always use a shield: true
     0 | D:1      | 0 ||| qw: God list: Okawaru
     0 | D:1      | 0 ||| qw: Allow faded altars: false
     0 | D:1      | 0 ||| qw: Do Orc after D:15 true
     0 | D:1      | 0 ||| qw: Do second Lair branch before Depths: true
     0 | D:1      | 0 ||| qw: Lair rune preference: random
     0 | D:1      | 0 ||| qw: Plans: Normal
     0 | D:1      | 0 ||| PLANNING D:1-11
   238 | D:1      | Reached XP level 2. HP: 16/16 MP: 4/4
   242 | D:1      | Reached skill level 6 in Ranged Weapons
   637 | D:1      | 637 ||| DROPPING +6 ring of intelligence.
   638 | D:1      | 638 ||| READING scroll labelled URPHOU BAORUTUAZALA.
   639 | D:1      | 639 ||| READING scroll labelled PADUGODENO.
   640 | D:1      | 640 ||| READING scroll labelled SIYBASEAWK.
   643 | D:1      | 643 ||| DRINKING 2 emerald potions.
   644 | D:1      | 644 ||| DROPPING scroll of butterflies.
   706 | D:2      | Noticed Natasha
   716 | D:2      | HP: 3/16 [cerulean imp/+0 spear[Natasha] (2)]
   717 | D:2      | 717 ||| DRINKING potion of heal wounds.
   718 | D:2      | Killed Natasha
   719 | D:2      | Reached skill level 7 in Ranged Weapons
   719 | D:2      | Reached XP level 3. HP: 12/20 MP: 5/5
   830 | D:2      | 830 ||| FLEEEEING.
   831 | D:2      | 831 ||| FLEEEEING.
   896 | D:2      | Noticed Natasha
   919 | D:2      | 919 ||| READING scroll labelled LUTULI QAOMMAK.
   931 | D:2      | Reached XP level 4. HP: 25/25 MP: 6/6
   974 | D:2      | HP: 2/25 [Natasha (9)]
   976 | D:2      | Killed Natasha
  1154 | D:2      | Noticed Terence
  1160 | D:2      | HP: 4/25 [Terence/+1 hand axe of freezing (4)]
  1161 | D:2      | HP: 1/25 [Terence/+1 hand axe of freezing (1)]
  1162 | D:2      | Slain by Terence

Levels and vault maps discovered:
D:1:      zelgadis_glass_arrival_small, layout_basic, minmay_unequal
D:2:      layout_loops_ring, serial_glass, glass_columns_a, glass_columns_a,
          glass_columns_a, glass_columns_a, glass_columns_a, glass_columns_a,
          glass_columns_c, glass_columns_a, glass_columns_b, glass_columns_b,
          glass_columns_c, glass_columns_a, glass_columns_a, glass_columns_c,
          minmay_strange_pillars, item_on_display_a, item_on_display_a,
          feat_on_display, uniq_terence, uniq_natasha

Skill      XL: |  1  2 |
---------------+-------+-----
Ranged Weapons | 7 |  7.8
Fighting       | |  1.5
Dodging        | |  2.4
Stealth        | |  1.2

Action                     |  1- 3 |  4- 6 || total
---------------------------+-------+-------++-------
   Fire: Shortbow          |    78 |    21 ||    99
    Use: Scroll            |     4 |       ||     4
         Potion            |     2 |       ||     2
 Armour: Leather armour    |     5 |     3 ||     8
  Dodge: Dodged            |    20 |     5 ||    25

Table legend:
 A = Non-vault XP
 B = Vault XP
 C = Vault XP percentage of total XP
 D = Non-vault monster count
 E = Vault monster count
 F = Vault count percentage of total count
                 A         B        C        D         E       F
            +---------+---------+-------+---------+---------+-------
      Total |      96 |      40 |  29.4 |      27 |       4 |  12.9
            +---------+---------+-------+---------+---------+-------
        D:1 |      24 |       5 |  17.2 |      14 |       3 |  17.6
        D:2 |      72 |      35 |  32.7 |      13 |       1 |   7.1
            +---------+---------+-------+---------+---------+-------
